[Event "44th Chess Olympiad Open 2022"]
[Site "Chennai"]
[Date "2022.07.31"]
[Round "3.22"]
[White "Cu Hor, Winston Darwin"]
[Black "Indjic, Aleksandar"]
[Result "0-1"]
[WhiteElo "2328"]
[BlackElo "2620"]
[Annotator "RC"]
[PlyCount "169"]
[EventDate "2022.??.??"]
[TimeControl "60"]

1. Nf3 d5 2. c4 d4 3. g3 Nc6 4. Bg2 e5 5. d3 Bb4+ 6. Bd2 a5 7. O-O Nf6 8. Na3 O-O 9. Nc2 Bd6 10. a3 a4 11. Nb4 Bd7 12. Bg5 h6 13. Bxf6 Qxf6 14. Nd5 Qd8 15.
Nd2 f5 16. Qc2 Bc5 17. b4 axb3 18. Nxb3 Bxa3 19. Ra2 Nb4 20. Nxb4 Bxb4 21. Bxb7 Rxa2 22. Bd5+ Kh7 23. Qxa2 c6 24. Bg2 Qc7 25. e3 dxe3 26. fxe3 Qb6 27. d4 exd4 28. Nxd4 c5 29. Ne2 Qe6 30. e4 Bb5 31. Nf4 Qxc4 32. Qxc4 Bxc4 33. Rc1 Bf7 34. exf5 Bd2 35. Rc2 Be3+ 36. Kh1 Rd8 37. Bf1 Be8 38. Kg2 Bc6+ 39. Kh3 Be4 40. Re2 Bxf5+ 41. g4 Bxg4+ 42. Kxg4 Bxf4 43. h4 Rd4 44. Bg2 Bd6+ 45. Be4+ Kg8 46. h5 Kf7 47. Kf5 Rd1 48. Bg2 Rd4 49. Be4 Rd1 50. Bg2 Be7 51. Ra2 Re1 52. Ra8 Bf6 53. Ra7+ Ke8 54. Be4 Kd8 55. Rb7 c4 56. Rb4 c3 57. Rc4 Kd7 58. Kf4 Rg1 59. Kf3 Kd6 60. Bg6 Re1 61. Be4 Rh1 62.
Bg6 Rh3+ 63. Ke2 Be5 64. Rc8 Bf4 65. Rc4 Bg5 66. Rc8 Ke5 67.
Rc4 Bf6 68. Kf2 Kd5 69. Bf7+ Kd6 70. Bg6 Rh1 71. Ke2 Rg1 72. Kf3 Rg5 73. Ke3 Ke6 74. Rc6+ Kd7 75. Rc4 Be5 76. Kd3 Ke7 77. Rc6 Kd7 78. Rc4 Rg3+ 79. Ke2 Rxg6 80. hxg6 Ke6 81. Kf3 Kf5 82. Rc5 h5 83. Kg2 Ke4 84. Kf1 h4 85. Rd5 0-1

[Event "44th Chess Olympiad Open 2022"]
[Site "Chennai"]
[Date "2022.07.31"]
[Round "3.22"]
[White "Lorenzana, Wilson Estuardo"]
[Black "Markus, Robert"]
[Result "0-1"]
[WhiteElo "2182"]
[BlackElo "2616"]
[Annotator "RC"]
[PlyCount "100"]
[EventDate "2022.??.??"]
[TimeControl "60"]

1. e4 e6 2. d4 d5 3. Nc3 dxe4 4. Nxe4 Bd7 5. Nf3 Bc6 6. Bd3 Nd7 7. O-O Ngf6 8. Ned2 Be7 9. Re1 O-O 10. c4 b6 11. Qe2 Bb7 12. a3 Re8 13.
b3 c5 14. Bb2 Qc7 15. Ne5 cxd4 16. Bxd4 Rad8 17. Ndf3 Nxe5 18.
Bxe5 Qc6 19. b4 Nd7 20. Bb2 Qc7 21. Be4 a5 22. Bxb7 Qxb7 23.
Bc3 axb4 24. axb4 Nf8 25. Qb2 f6 26. Nd4 e5 27. Nb5 Ne6 28.
Bd2 Qc6 29. Rac1 Rd3 30. Be3 Red8 31. h3 R8d7 32. Qb1 e4 33.
Nc3 Qxc4 34. Na4 Qxb4 35. Nxb6 Qxb1 36. Rxb1 Rd8 37. g3 f5 38. Rb5 g6 39. h4 Bf6 40. Nc4 Nd4 41. Bxd4 Bxd4 42. Ne3 Kg7 43. Nf1 Rc8 44. Re2 Rc1 45. Kg2 Rdd1 46. Rb7+ Kf6 47. Nh2 Rg1+ 48. Kh3 Rc3 49. Ra2 Bxf2 50. Ra6+ Ke5 0-1

[Event "44th Chess Olympiad Open 2022"]
[Site "Chennai"]
[Date "2022.07.31"]
[Round "3.23"]
[White "Pechac, Jergus"]
[Black "Khusenkhojaev, Muhammad"]
[Result "1-0"]
[WhiteElo "2594"]
[BlackElo "2397"]
[Annotator "RC"]
[PlyCount "59"]
[EventDate "2022.??.??"]
[TimeControl "60"]

1. Nf3 Nf6 2. c4 g6 3. Nc3 d5 4. cxd5 Nxd5 5. h4 Bg7 6. h5 Nc6 7. d4 Nb6 8. e3 O-O 9. Be2 e5 10. h6 Bf6 11. d5 Nb8 12. e4 c6 13.
Be3 cxd5 14. exd5 Bf5 15. Rc1 Na6 16. O-O Rc8 17. Qb3 Nc5 18.
Qb5 Ne4 19. Rfd1 Nd6 20. Qb4 Ndc4 21. Bc5 Nxb2 22. Rd2 e4 23. Nd4 Bg5 24. Nxf5 gxf5 25. Bxf8 Bxd2 26. Be7 Qc7 27. d6 Bxc3 28. Qb3 Qc6 29. Bb5 Qd5 30. Rxc3 1-0

[Event "44th Chess Olympiad Open 2022"]
[Site "Chennai"]
[Date "2022.07.31"]
[Round "3.23"]
[White "Druska, Juraj"]
[Black "Khusenkhojaev, Mustafokhuja"]
[Result "1-0"]
[WhiteElo "2519"]
[BlackElo "2238"]
[Annotator "RC"]
[PlyCount "47"]
[EventDate "2022.??.??"]
[TimeControl "60"]

1. Nf3 Nf6 2. c4 g6 3. Nc3 d5 4. cxd5 Nxd5 5. h4 Bg7 6. h5 Nc6 7. g3 Bf5 8. Bg2 Ncb4 9. Nxd5 Nc2+ 10. Kf1 Qxd5 11. Nh4 Be4 12. Qxc2 Bxg2+ 13. Nxg2 O-O-O 14. d3 Kb8 15. Qb3 Qxb3 16. axb3 Rd5 17. hxg6 hxg6 18. Rxh8+ Bxh8 19. Ra4 Rb5 20. Re4 Bf6 21. b4 c6 22. Ne3 e5 23. Ng4 Bg7 24. Nxe5 1-0

[Event "44th Chess Olympiad Open 2022"]
[Site "Chennai"]
[Date "2022.07.31"]
[Round "3.23"]
[White "Karimov, Alisher"]
[Black "Gazik, Viktor"]
[Result "1/2-1/2"]
[WhiteElo "2234"]
[BlackElo "2544"]
[Annotator "RC"]
[PlyCount "72"]
[EventDate "2022.??.??"]
[TimeControl "60"]

1. d4 Nf6 2. c4 e6 3. g3 c5 4. d5 exd5 5. cxd5 d6 6. Nc3 g6 7. Bg2 Bg7 8. Nf3 O-O 9. O-O Na6 10. Bf4 Nh5 11. Bg5 f6 12. Bd2 f5 13. Qc1 Bd7 14. e4 f4 15.
Ne2 fxg3 16. Nxg3 Nxg3 17. hxg3 Qe7 18. Bc3 Bxc3 19. Qxc3 Qxe4 20. Rae1 Qb4 21. Re7 Qxc3 22. bxc3 Rf7 23. Rxf7 Kxf7 24. Ng5+ Kf8 25. Ne4 Re8 26. Nxd6 Re2 27. Nxb7 Rxa2 28. Re1 Rb2 29. d6 Rb6 30. Rd1 Ke8 31. Re1+ Kf8 32. Rd1 Ke8 33. Rd5 Be6 34. Rd1 Kf8 35. Re1 Bd7 36. Rf1 Rb2 1/2-1/2

[Event "44th Chess Olympiad Open 2022"]
[Site "Chennai"]
[Date "2022.07.31"]
[Round "3.23"]
[White "Ilkhomi, Jaloliddin"]
[Black "Repka, Christopher"]
[Result "0-1"]
[WhiteElo "2076"]
[BlackElo "2516"]
[Annotator "RC"]
[PlyCount "78"]
[EventDate "2022.??.??"]
[TimeControl "60"]

1. d4 d5 2. Bf4 c5 3. e3 Nc6 4. c3 Qb6 5. Qb3 c4 6. Qc2 e5 7. dxe5 Bf5 8.
Qd2 g5 9. Bxg5 Nxe5 10. Qd4 Qe6 11. Nf3 Bg7 12. Nxe5 Bxe5 13. Qd1 f6 14. Bh4 Ne7 15. Bg3 h5 16. Nd2 O-O-O 17. Bxe5 fxe5 18. b3 h4 19. Be2 Rhg8 20. Nf3 Be4 21. bxc4 Qf6 22. Rf1 Kb8 23. cxd5 Nxd5 24. Qb3 h3 25. Nd2 Bxg2 26. Rg1 Rgf8 27. O-O-O Qxf2 28. Rde1 Qxe3 29. Bf3 Qxc3+ 30. Qxc3 Nxc3 31.
Bxg2 Nxa2+ 32. Kb1 Rxd2 33. Bxh3 Nc3+ 34. Kc1 Rxh2 35. Bg4 Rff2 36. Bd1 Ra2 37. Rg8+ Kc7 38. Rg7+ Kd6 39. Rg6+ Kc5 0-1

[Event "44th Chess Olympiad Open 2022"]
[Site "Chennai"]
[Date "2022.07.31"]
[Round "3.24"]
[White "Saric, Ivan"]
[Black "Lim, Zhuo Ren"]
[Result "1/2-1/2"]
[WhiteElo "2680"]
[BlackElo "2318"]
[Annotator "TA"]
[PlyCount "74"]
[EventDate "2022.??.??"]
[TimeControl "60"]

1.
e4 c5 2. Nf3 Nc6 3. Bb5 g6 4. O-O Bg7 5. c3 Nf6 6. Re1 O-O 7. h3 e5 8. d3 d6 9. Nbd2 a6 10. Bxc6 bxc6 11. Qa4 {[%emt 0:01:53] B31:
Sicilian: 2...Nc6 3 Bb5 g6.} Qc7 12. Nc4 a5 {
[%emt 0:11:23] [#]} 13. d4 $146 {[%emt 0:20:39] White has an edge.} (13. b4 {
is more complex.} cxb4 14. cxb4 Bd7 15. bxa5 d5 16. Ncxe5 Rxa5 17. Qd1) ({
Predecessor:} 13. b4 cxb4 14. cxb4 Ba6 15. bxa5 Bxc4 16. Qxc4 Rxa5 17. a4 Rfa8
18. Bd2 R5a6 19. a5 {1-0 (39) Kholmov,R (2427)-Salai,L (2418) Olomouc 2001})
13... cxd4 14. cxd4 Nxe4 15.
Rxe4 {[%emt 0:00:24] Hoping for Re2.} d5 {[%emt 0:00:12][%csl Yc4,Ye4] [#]} 16.
Rxe5 {[%emt 0:05:41][%cal Yc4d2] And now Ncd2! would win.} dxc4 17. Qxc4 Be6 18. Rxe6 fxe6 19. Be3 Qd7 20. Rc1 Rac8 21. Ng5 Rfe8 22. b3 Qd5 23. Qa6 Qd7 24. Rc4 e5 25. dxe5 (25. Rc5 $5 exd4 26. Qc4+ Kh8 27. Nf7+ Kg8 28.
Ng5+ Kh8 29. Nf7+ Kg8 30. Ng5+ $11) 25... Qd1+ 26. Kh2 Bxe5+ 27. f4 Qd3 28. Bc1 (28. fxe5 $11 Qxe3 29. Nf3) 28... Bg7 29. Qa7 {[%emt 0:03:52][%cal Yc1b2] White wants to mate with Bb2!} Re2
{[%emt 0:03:16] [#] Against Bb2} (29... Qf5 $1 $15 {stays ahead.}) 30. Qf7+ $2 ({Weaker is} 30. Qb7 Rce8 31. Qxc6 h6 $17) (30. Re4 $1 $18 Qc2
(30... Kh8 31. Qb7) 31. Rxe2 Qxe2 32. Qf7+ Kh8 33. Ne6) 30... Kh8 $17 {[%emt 0:
00:02] ...Rce8 is the strong threat.} 31. Qb7 Rxg2+ 32. Kxg2 $11 {[%emt 0:00:04] Really sharp! The position
is equal.} Qe2+ 33. Kg3 Qe1+ 34. Kf3 Qf1+ 35. Kg3 Qg1+ 36. Kf3 Qf1+ 37. Kg3 Qg1+ {[%emt 0:00:05] Weighted Error Value: White=0.23 (precise)
/Black=0.16 (very precise)} 1/2-1/2

[Event "44th Chess Olympiad Open 2022"]
[Site "Chennai"]
[Date "2022.07.31"]
[Round "3.24"]
[White "Kozul, Zdenko"]
[Black "Tan, Jun Ying"]
[Result "1-0"]
[WhiteElo "2602"]
[BlackElo "2191"]
[Annotator "RC"]
[PlyCount "87"]
[EventDate "2022.??.??"]
[TimeControl "60"]

1. d4 Nf6 2. Nf3 e6 3. c4 c5 4. d5 exd5 5. cxd5 d6 6. h3 g6 7. e4 Bg7 8. Bd3 O-O 9. O-O a6 10. Re1 Re8 11. a4 c4 12. Bc2 Nbd7 13.
Nc3 Nc5 14. Nd2 Qc7 15. Nxc4 Ncxe4 16. Nxe4 Nxe4 17. Bxe4 Qxc4 18. Bd3 Rxe1+ 19. Qxe1 Qh4 20. Qe8+ Bf8 21.
Bd2 Qe7 22. Re1 Qxe8 23. Rxe8 Kg7 24. a5 f5 25. Bh6+ Kxh6 26.
Rxf8 Kg7 27. Rd8 Kf6 28. f4 Ke7 29. Rh8 h5 30. Bc2 Kd7 31.
Rg8 Kc7 32. Rxg6 Ra7 33. Rg7+ Kb8 34. Kf2 b6 35. Rxa7 Kxa7 36. b4 bxa5 37. bxa5 h4 38. g3 hxg3+ 39. Kxg3 Bd7 40. h4 Be8 41. Bxf5 Kb7 42. Kg4 Bf7 43. Be4 Kc7 44. h5 1-0

[Event "44th Chess Olympiad Open 2022"]
[Site "Chennai"]
[Date "2022.07.31"]
[Round "3.24"]
[White "Wong, Yinn Long"]
[Black "Brkic, Ante"]
[Result "0-1"]
[WhiteElo "2381"]
[BlackElo "2611"]
[Annotator "RC"]
[PlyCount "138"]
[EventDate "2022.??.??"]
[TimeControl "60"]

1. e4 c5 2. Nf3 d6 3. Nc3 Nf6 4. e5 dxe5 5. Nxe5 Bd7 6. g3 Nc6 7. Nxd7 Qxd7 8. Bg2 e6 9. d3 Be7 10. O-O O-O 11. Re1 Rac8 12. b3 Rfd8 13.
Bb2 Nd4 14. a4 b6 15. Nb5 Ne8 16. Nc3 Nd6 17. Rb1 Bf6 18. Ne4 Nxe4 19. Bxe4 a6 20. Kg2 g6 21. Bxd4 Bxd4 22. f4 b5 23. axb5 axb5 24. Bf3 Rc7 25. Qe2 Bc3 26. Rf1 Ra7 27. Qe4 Ra2 28. Rf2 Qc7 29. Qc6 Qa5 30. Re2 Bd4 31. Kh3 Ra1 32. Rh1 Rxh1 33. Bxh1 h5 34. Qb7 Qa1 35. Bg2 b4 36. Qc7 Rf8 37. Qb7 Qc1 38. Qf3 Kg7 39. Qf1 Qb2 40. Bc6 Rc8 41. Qf3 Rc7 42. Bb7 Qa1 43. Qh1 Qa7 44. Bf3 Qb8 45. Re1 Ra7 46. Qf1 Ra2 47. Qg2 Qc8 48. Bb7 Qd8 49. Bf3 Qf6 50. Qe2 c4 51. dxc4 Qf5+ 52. g4 Qxf4 53. Kg2 hxg4 54. Bxg4 Rxc2 55. Qxc2 Qxg4+ 56. Kh1 Qf3+ 57. Qg2 Qxb3 58.
h4 Qxc4 59. h5 Qc5 60. hxg6 Qh5+ 61. Qh2 Qf3+ 62. Qg2 Qh5+ 63. Qh2 Qxh2+ 64. Kxh2 Kxg6 65. Rc1 b3 66. Rc4 b2 67. Rb4 Kf5 68.
Kg2 Ke4 69. Rb3 Bc3 0-1

[Event "44th Chess Olympiad Open 2022"]
[Site "Chennai"]
[Date "2022.07.31"]
[Round "3.24"]
[White "Poh, Yu Tian"]
[Black "Bosiocic, Marin"]
[Result "0-1"]
[WhiteElo "2118"]
[BlackElo "2549"]
[Annotator "RC"]
[PlyCount "138"]
[EventDate "2022.??.??"]
[TimeControl "60"]

1. e4 c5 2. Nf3 Nc6 3. d4 cxd4 4. Nxd4 Nf6 5. Nc3 e5 6.
Ndb5 d6 7. Bg5 a6 8. Na3 b5 9. Nd5 Be7 10. Bxf6 Bxf6 11. c3 Bg5 12. Nc2 Rb8 13. Be2 O-O 14. O-O Be6 15. Ncb4 Nxb4 16. Nxb4 Qb6 17. Nd5 Qb7 18. c4 Rfc8 19. b3 Bxd5 20. Qxd5 Qxd5 21. exd5 Bd2 22. cxb5 axb5 23. a4 bxa4 24. bxa4 Rb2 25. Rfb1 Rxb1+ 26. Rxb1 g6 27. g3 Rc2 28. Bd1 Rc5 29. Be2 Rc2 30. Bd1 Rc4 31. Bb3 Rc5 32. Rb2 Rc1+ 33. Kg2 Ba5 34. Rc2 Ra1 35. Rc6 Ra3 36. Rc8+ Kg7 37. Rb8 e4 38. Rb5 Bc3 39. Bc2 e3 40. Bd3 Ra2 41. Kf3 exf2 42. Bf1 Bd4 43. a5 h5 44. Kg2 Ra1 45. a6 g5 46. Rb7 g4 47. Rd7 Bc5 48.
Rb7 Kg6 49. Rb1 Ra3 50. h4 gxh3+ 51. Kxh3 h4 52. Kxh4 Re3 53. Kh3 Re1 54. Kg2 f5 55. Rb8 Kf6 56. Rf8+ Ke5 57. Rf7 Ra1 58. Rf8 Ke4 59. Rf7 Bd4 60. Rf8 Ra5 61. Rb8 Ra3 62. Rf8 Be5 63. Kxf2 Bxg3+ 64. Kg2 Be5 65. Rb8 Ra2+ 66. Kg1 f4 67. Rb4+ Bd4+ 68. Kh1 Ra1 69. Kg2 f3+ 0-1

[Event "44th Chess Olympiad Open 2022"]
[Site "Chennai"]
[Date "2022.07.31"]
[Round "3.25"]
[White "Andersen, Mads"]
[Black "Miguel, Sergio"]
[Result "1-0"]
[WhiteElo "2587"]
[BlackElo "2274"]
[Annotator "RC"]
[PlyCount "83"]
[EventDate "2022.??.??"]
[TimeControl "60"]

1. e4 e5 2. Nf3 Nc6 3. Bc4 Nf6 4. d3 Bc5 5. c3 d6 6. O-O a6 7. a4 h6 8. Re1 Ba7 9. Nbd2 O-O 10. h3 Re8 11. b4 Be6 12. Bxe6 Rxe6 13. Bb2 Qe8 14. Qb1 Ne7 15. d4 Ng6 16. c4 a5 17. b5 Nd7 18.
Nb3 Nf4 19. Kh2 Rf6 20. Qc2 Qe6 21. Re3 Qe7 22. c5 Rg6 23.
g3 exd4 24. Nbxd4 Ne6 25. Nf5 Qd8 26. b6 cxb6 27. cxd6 b5 28.
Re2 bxa4 29. Ne7+ Kh7 30. e5 b5 31. Qf5 Qe8 32. h4 Kh8 33.
h5 Rg5 34. Nxg5 Nxg5 35. Rc1 b4 36. Rec2 Bb6 37. Rc8 Rxc8 38.
Rxc8 Bd8 39. Nc6 Ne6 40. Nxd8 Nxd8 41. e6 fxe6 42. Qg6 1-0

[Event "44th Chess Olympiad Open 2022"]
[Site "Chennai"]
[Date "2022.07.31"]
[Round "3.25"]
[White "Rasmussen, Allan Stig"]
[Black "Lutuima, Amaro"]
[Result "1-0"]
[WhiteElo "2550"]
[BlackElo "2048"]
[Annotator "RC"]
[PlyCount "61"]
[EventDate "2022.??.??"]
[TimeControl "60"]

1. d4 Nf6 2. c4 e6 3. Nf3 d5 4. g3 Be7 5. Bg2 O-O 6. Qc2 b6 7. O-O Bb7 8.
cxd5 exd5 9. Bf4 Na6 10. Nc3 c6 11. Ne5 Nc7 12. Qa4 b5 13.
Qd1 Ne6 14. Be3 Qb6 15. a4 b4 16. a5 Qa6 17. Na4 Qxa5 18.
Nc5 Qc7 19. Nxe6 fxe6 20. Bh3 Bc8 21. Qa4 Bd7 22. Qa5 Qb7 23.
Qa6 Qc7 24. Rfc1 Rfc8 25. Bxe6+ Bxe6 26. Rxc6 Qd8 27. Rxe6 Rc7 28. Nc6 Qf8 29. Bf4 Rxc6 30. Qxc6 Rc8 31. Qb7 1-0

[Event "44th Chess Olympiad Open 2022"]
[Site "Chennai"]
[Date "2022.07.31"]
[Round "3.25"]
[White "Silva, David"]
[Black "Bjerre, Jonas Buhl"]
[Result "0-1"]
[WhiteElo "2315"]
[BlackElo "2608"]
[Annotator "RC"]
[PlyCount "100"]
[EventDate "2022.??.??"]
[TimeControl "60"]

1. e4 c5 2. c3 Nf6 3. e5 Nd5 4. Nf3 e6 5. d4 cxd4 6. cxd4 d6 7. Bc4 Be7 8. O-O O-O 9. Qe2 Bd7 10. exd6 Bxd6 11. Bg5 Qc7 12. Bxd5 exd5 13. Nc3 Re8 14. Qd3 Qc4 15. Qxc4 dxc4 16. Nd2 Rc8 17. Rfc1 Bf8 18. Bf4 Nc6 19. Nxc4 Nxd4 20. Ne5 Be6 21. Be3 Rxc3 22. Bxd4 Rxc1+ 23. Rxc1 Bxa2 24. Ra1 Be6 25. Rxa7 Rd8 26. Nf3 Bg4 27. Bc3 b5 28. Ra1 b4 29. Be5 Rd3 30. Kf1 Bxf3 31. gxf3 Rxf3 32. Ra8 Rd3 33. Ke2 Rd5 34. Bf4 f6 35. Bd2 Kf7 36. Rb8 Rd4 37. f4 f5 38. b3 Re4+ 39. Kf3 Be7 40.
Rb7 h6 41. Be3 Kg6 42. Bd2 Kh5 43. Rb5 g6 44. Be3 Re6 45. Bc5 Bxc5 46. Rxc5 Rd6 47. Ke3 Kg4 48. Rc4 Re6+ 49. Kd3 Re4 50. Rc6 g5 0-1

[Event "44th Chess Olympiad Open 2022"]
[Site "Chennai"]
[Date "2022.07.31"]
[Round "3.25"]
[White "Junior, Domingos"]
[Black "Thybo, Jesper Sondergaard"]
[Result "0-1"]
[WhiteElo "2107"]
[BlackElo "2520"]
[Annotator "RC"]
[PlyCount "118"]
[EventDate "2022.??.??"]
[TimeControl "60"]

1. e4 c5 2. c3 Nf6 3. e5 Nd5 4. d4 cxd4 5. Nf3 e6 6. cxd4 b6 7. Nc3 Nxc3 8.
bxc3 Qc7 9. Bd2 Be7 10. Bd3 Ba6 11. Bxa6 Nxa6 12. Qe2 Nb8 13. O-O O-O 14. Rac1 d6 15. Bf4 Nc6 16. Rfd1 d5 17. c4 Qd7 18. Bg5 Ba3 19. Rc2 dxc4 20. Qxc4 Nb4 21. Rc3 Rfc8 22. Qb3 Rxc3 23. Qxc3 Qa4 24. Qb3 Qxb3 25. axb3 a5 26. Bc1 Bxc1 27. Rxc1 b5 28. Nd2 h6 29. Nb1 Rd8 30. Na3 Rxd4 31. Nxb5 Rd3 32. Nc3 Nc6 33. f4 Nd4 34. Kf1 Nxb3 35. Rc2 Nd4 36. Rc1 Rd2 37. Ra1 Nc2 38. Ra2 Ne3+ 39. Kg1 Rxa2 40. Nxa2 g5 41. fxg5 hxg5 42. Kf2 Ng4+ 43. Kf3 Nxe5+ 44. Ke4 f6 45. Nc3 Kf7 46. Kd4 Ng6 47. g3 g4 48. Kc5 Ne5 49. Kb5 Nf3 50. Kxa5 Nxh2 51. Kb5 Nf1 52. Ne2 e5 53. Kc6 Ke6 54. Kc5 Nd2 55. Kb4 Kd5 56. Kc3 Ne4+ 57. Kd3 f5 58. Ke3 Kc4 59. Nc1 Nxg3 0-1

[Event "44th Chess Olympiad Open 2022"]
[Site "Chennai"]
[Date "2022.07.31"]
[Round "3.26"]
[White "Cruz, Cristhian"]
[Black "Masango, Spencer"]
[Result "1-0"]
[WhiteElo "2579"]
[BlackElo "2170"]
[Annotator "RC"]
[PlyCount "65"]
[EventDate "2022.??.??"]
[TimeControl "60"]

1. d4 Nf6 2. c4 g6 3. Nc3 d5 4. cxd5 Nxd5 5. e4 Nxc3 6. bxc3 Bg7 7. Bg5 O-O 8. Rc1 c5 9. d5 Qa5 10. Qd2 b5 11. Nf3 b4 12. cxb4 cxb4 13.
Nd4 e5 14. Nb3 Qb6 15. Be7 Re8 16. Bxb4 Bh6 17. Qxh6 Qxb4+ 18. Nd2 Nd7 19. Be2 Nf6 20. Qe3 Bd7 21. f3 Nh5 22. a3 Qa5 23. g3 Bh3 24. Kf2 f5 25.
exf5 Bxf5 26. g4 e4 27. fxe4 Qd8 28. gxf5 Qh4+ 29. Kf1 Nf4 30. Qg3 Qh6 31. h4 Rac8 32. Kf2 Nh5 33. Qg5 1-0

[Event "44th Chess Olympiad Open 2022"]
[Site "Chennai"]
[Date "2022.07.31"]
[Round "3.26"]
[White "Vera Siguenas, Deivy"]
[Black "Mwadzura, Roy"]
[Result "1/2-1/2"]
[WhiteElo "2503"]
[BlackElo "2093"]
[Annotator "RC"]
[PlyCount "83"]
[EventDate "2022.??.??"]
[TimeControl "60"]

1. d4 Nf6 2. c4 e6 3. Nc3 d5 4. cxd5 exd5 5. Bg5 c6 6. e3 h6 7. Bh4 Be7 8. Bd3 Be6 9. Nf3 Nbd7 10. Qc2 Rc8 11. O-O O-O 12. Rad1 Re8 13.
h3 Qc7 14. Bg3 Bd6 15. Bxd6 Qxd6 16. a3 c5 17. dxc5 Nxc5 18. Nd4 Qb6 19. Bb5 Red8 20. Qe2 a6 21. Na4 Nxa4 22. Bxa4 Rc4 23. Bc2 Rdc8 24. Bd3 R4c7 25. f3 Re8 26. Qf2 Rce7 27. Rfe1 Bd7 28. Rc1 Re5 29. b4 Qd6 30. Rc3 Kh8 31. Bf1 R5e7 32. Rec1 Re5 33. Rd1 Qb6 34. Qd2 Rg5 35. g4 Rge5 36. Re1 Qd6 37. Qh2 Qb6 38. Qf2 Kg8 39. Rc5 h5 40. Bg2 hxg4 41. hxg4 Bxg4 42. fxg4 1/2-1/2

[Event "44th Chess Olympiad Open 2022"]
[Site "Chennai"]
[Date "2022.07.31"]
[Round "3.26"]
[White "Makoto, Rodwell"]
[Black "Cordova, Emilio"]
[Result "1/2-1/2"]
[WhiteElo "2346"]
[BlackElo "2549"]
[Annotator "ChessBase"]
[PlyCount "62"]
[EventDate "2022.??.??"]
[TimeControl "60"]

1. Nf3 d5 2. g3 Nf6 3. Bg2 e6 4. d4 c5 5. O-O cxd4 6. Nxd4 e5 7. Nb3 Be6 8. c4 Nc6 9. cxd5 Nxd5 10. Nc3 Nxc3 11. bxc3 Qc7 12. Be3 Rd8 13. Qb1 Bc4 14. Re1 Be7 15. Qe4 Bd5 16. Qg4 g6 17. Red1 Bxg2 18. Kxg2 O-O 19. Bh6 Rxd1 20. Rxd1 Rd8 21. e4 Bf8 22. Bg5 Rxd1 23. Qxd1 b6 24. Qd5 h6 25. Be3 Ne7 26. Qa8 Nc8 27. Qd5 Ne7 28. Qa8 Qc6 29. Qxc6 Nxc6 30. a4 f5 31. f3 Kf7 1/2-1/2

[Event "44th Chess Olympiad Open 2022"]
[Site "Chennai"]
[Date "2022.07.31"]
[Round "3.26"]
[White "Mushore, Emarald Takudzwa"]
[Black "Terry, Renato"]
[Result "0-1"]
[WhiteElo "2153"]
[BlackElo "2502"]
[Annotator "RC"]
[PlyCount "90"]
[EventDate "2022.??.??"]
[TimeControl "60"]

1. e4 g6 2. d4 Bg7 3. Nc3 c6 4. Nf3 d5 5. e5 Nh6 6. h3 f6 7. exf6 exf6 8. Be2 O-O 9. O-O Nd7 10. Re1 Re8 11. Bf4 Nf8 12. Qd2 Nf7 13. Bf1 Ne6 14. Bg3 Bh6 15. Qd1 Bd7 16. Rb1 b5 17. b3 Bf8 18. Re3 Nd6 19. Bd3 Qa5 20.
Qe1 Nf7 21. Ne2 Qxe1+ 22. Nxe1 Bh6 23. f4 Nd6 24. c3 Ng7 25.
Rxe8+ Rxe8 26. Nc2 Bf5 27. Nc1 Nh5 28. Bf2 Nxf4 29. Bxf5 Nxf5 30. Kf1 Nd6 31. Nb4 Ne4 32. Be1 Re6 33. Na6 Bf8 34. b4 g5 35.
Ra1 f5 36. a4 bxa4 37. Rxa4 g4 38. Ra2 Rh6 39. Ne2 gxh3 40. gxh3 Nxe2 41. Kxe2 Rxh3 42. Ra3 f4 43. Nc5 f3+ 44. Kd1 Bxc5 45. bxc5 Rh1 0-1

[Event "44th Chess Olympiad Open 2022"]
[Site "Chennai"]
[Date "2022.07.31"]
[Round "3.27"]
[White "Jumabayev, Rinat"]
[Black "Kaloust, Giorgio"]
[Result "1-0"]
[WhiteElo "2617"]
[BlackElo "1942"]
[Annotator "RC"]
[PlyCount "131"]
[EventDate "2022.??.??"]
[TimeControl "60"]

1. Nf3 Nf6 2. g3 b6 3. Bg2 Bb7 4. O-O e6 5. c4 Be7 6. Re1 O-O 7. Nc3 d5 8. d4 c5 9. dxc5 Bxc5 10. cxd5 Nxd5 11. Ng5 h6 12. Nh3 Na6 13. Nxd5 Bxd5 14. Bxd5 Qxd5 15. Qxd5 exd5 16. Nf4 Rfd8 17. Rd1 Nc7 18. h4 Rd7 19. Kf1 Rad8 20. Bd2 Ne6 21. Nd3 Bd6 22. Rac1 Nc5 23. Nb4 Ne4 24. Nc6 Re8 25. Be1 Be5 26. b4 Re6 27. Nxe5 Rxe5 28. f3 Nf6 29. Bc3 Re6 30. g4 Ne8 31. Be1 Nc7 32. Bg3 Ree7 33. Bxc7 Rxc7 34. Rxc7 Rxc7 35. Rxd5 Rc2 36. Rd8+ Kh7 37. a3 Ra2 38. Rd7 Rxa3 39. Rxf7 Kg6 40. Rf5 Ra4 41. h5+ Kh7 42. b5 Rb4 43. Kf2 Rb3 44. e4 Kg8 45. Kg3 Kh7 46. Kf4 Kg8 47. g5 hxg5+ 48. Kxg5 Rb1 49. Rd5 Rb3 50. f4 Rg3+ 51. Kf5 Rh3 52. Kg4 Rh1 53. e5 Kf8 54. Rd7 Rb1 55.
Rxa7 Rxb5 56. Kf5 Rc5 57. h6 gxh6 58. Kf6 Rc8 59. e6 h5 60. f5 h4 61. Rh7 Kg8 62. Rxh4 Rc6 63. Rg4+ Kf8 64. Rd4 Rc8 65. Rh4 Kg8 66. Rg4+ 1-0

[Event "44th Chess Olympiad Open 2022"]
[Site "Chennai"]
[Date "2022.07.31"]
[Round "3.27"]
[White "Urazayev, Arystanbek"]
[Black "Kassis, Antoine"]
[Result "1-0"]
[WhiteElo "2430"]
[BlackElo "2202"]
[Annotator "RC"]
[PlyCount "125"]
[EventDate "2022.??.??"]
[TimeControl "60"]

1. e4 c5 2. Nf3 g6 3. c3 Bg7 4. d4 cxd4 5. cxd4 d5 6. e5 Nc6 7. h3 f6 8. Bb5 Nh6 9. O-O O-O 10. exf6 exf6 11. Re1 Qd6 12. b3 Rd8 13. Ba3 Qc7 14. Nc3 Qa5 15. Bb2 a6 16. Bxc6 bxc6 17. Na4 Bd7 18. Nc5 Qc7 19. Rc1 Re8 20. Rxe8+ Bxe8 21. Qe2 a5 22. Re1 Bf7 23. Bc1 Nf5 24. g4 Re8 25. Qf1 Nd6 26. Bf4 Qd8 27. Qa6 Rxe1+ 28. Nxe1 Qe8 29. Bxd6 Qxe1+ 30. Kg2 f5 31. Qc8+ Qe8 32. Qxe8+ Bxe8 33. Be5 fxg4 34. hxg4 Bf8 35. Nb7 Bb4 36. Bc7 a4 37. bxa4 Bd7 38. Kf3 Bc8 39. Nd8 c5 40. Bd6 Bd7 41. Bxc5 Bc3 42. Bb6 Bxa4 43. Ne6 Bd2 44. Ke2 Bb4 45. Nf4 Bc6 46. Bc7 Ba3 47. Kf3 Kf7 48. Bb6 Bd6 49. Nd3 Bb5 50. Ke3 h5 51. gxh5 gxh5 52. Bd8 Ke6 53. Nf4+ Bxf4+ 54. Kxf4 Ba4 55. Kg5 Bd1 56. f4 Kd7 57. Ba5 Ke6 58. f5+ Kf7 59. Be1 Kg7 60. Bh4 Kf7 61. Kf4 Bc2 62. Ke5 Kg7 63. f6+ 1-0

[Event "44th Chess Olympiad Open 2022"]
[Site "Chennai"]
[Date "2022.07.31"]
[Round "3.27"]
[White "El Jawich, Amro"]
[Black "Suleymenov, Alisher"]
[Result "0-1"]
[WhiteElo "2314"]
[BlackElo "2467"]
[Annotator "RC"]
[PlyCount "62"]
[EventDate "2022.??.??"]
[TimeControl "60"]

1. e4 c5 2. Nf3 e6 3. b3 b6 4. d4 cxd4 5. Nxd4 Bb7 6. Bd3 d6 7. Bb2 Nf6 8. Nd2 a6 9. Qe2 Nbd7 10. f4 e5 11. N4f3 exf4 12. O-O-O Ng4 13. g3 fxg3 14. e5 Ngxe5 15. Rhe1 Qe7 16. Nxe5 dxe5 17. Nc4 Qg5+ 18. Kb1 O-O-O 19. Be4 Bc5 20. b4 Bxb4 21. Rxd7 Rxd7 22. Nxb6+ Kd8 23. Bc1 Qe7 24. Rf1 Bc3 25. a3 Rd6 26. Nc4 Rd4 27. Bd3 g2 28. Rg1 e4 29. Qh5 exd3 30.
cxd3 Rxc4 31. dxc4 Qe4+ 0-1

[Event "44th Chess Olympiad Open 2022"]
[Site "Chennai"]
[Date "2022.07.31"]
[Round "3.27"]
[White "Khoder, Akram"]
[Black "Nogerbek, Kazybek"]
[Result "0-1"]
[WhiteElo "2038"]
[BlackElo "2437"]
[Annotator "RC"]
[PlyCount "88"]
[EventDate "2022.??.??"]
[TimeControl "60"]

1. d4 Nf6 2. c4 e6 3. g3 d5 4. Bg2 Bb4+ 5. Nd2 O-O 6. Ngf3 b6 7. O-O Bb7 8.
cxd5 exd5 9. a3 Bd6 10. b4 Nbd7 11. Qb3 Qe7 12. Bb2 Ne4 13.
e3 b5 14. Qc2 a5 15. Nb3 axb4 16. axb4 Rxa1 17. Rxa1 Ndf6 18. Nc5 Bc8 19. Ra7 Bxc5 20. dxc5 Ng4 21. Bd4 Ngxf2 22. Nd2 Nh3+ 23. Kf1 Bf5 24. Nxe4 Bxe4 25. Bxe4 dxe4 26. Qe2 Ng5 27. Qxb5 Qe6 28. Qe2 c6 29. Ra6 Nf3 30. Kg2 Qd7 31. Qb2 Ne1+ 32. Kf1 Nd3 33. Qd2 h5 34. b5 cxb5 35. Qe2 Qf5+ 36. Kg2 Nxc5 37. Rb6 Nd3 38. Qf1 Qxf1+ 39. Kxf1 b4 40. Ke2 Ra8 41. h3 Ra2+ 42. Kd1 Rg2 43. Rb5 Rxg3 44. Rxh5 b3 0-1